 Dungeon Crawl Stone Soup version 0.30-a0-172-gc5509c9e31 (webtiles) character file.

Game seed: 10323959392527403139

543 qw the Chopper (level 7, -6/43 HPs)
             Began as a Gargoyle Fighter on Oct 1, 2022.
             Mangled by an ogre
             ... wielding a +0 giant spiked club
              (15 damage)
             ... on level 5 of the Dungeon.
             The game lasted 00:01:47 (4034 turns).

qw the Chopper (Gargoyle Fighter)                   Turns: 4034, Time: 00:01:48

Health: -6/43      AC: 14    Str: 28    XL:     7   Next: 27%
Magic:  7/7        EV: 14    Int:  8    God:
Gold:   72         SH:  4    Dex:  9    Spells: 6/6 levels left

rFire   . . .      SeeInvis .    Y - +1 war axe (venom)
rCold   . . .      Faith    .    c - +0 buckler
rNeg    + . .      Spirit   .    b - +0 scale mail
rPois   inf        Reflect  .    (no helmet)
rElec   +          Harm     .    (no cloak)
rCorr   .          Rampage  .    (no gloves)
Will    .....                    l - +2 pair of boots
Stlth   ..........               (no amulet)
HPRegen 0.27/turn                g - +4 ring of evasion
MPRegen 0.10/turn                n - +6 ring of strength

@: no status effects
A: sickness immunity, AC +4, negative energy resistance 1, electricity
resistance, torment resistance 1, petrification resistance
a: no special abilities


You were on level 5 of the Dungeon.
You visited 1 branch of the dungeon, and saw 5 of its levels.

You collected 72 gold pieces.


Innate Abilities, Weirdness & Mutations

You are immune to sickness and miasma.
Your stone body is resilient. (AC +4)
You are immune to poison.
You resist negative energy. (rN+)
You are resistant to electric shocks. (rElec)
You are resistant to unholy torment.
You are immune to petrification.


   Skills:
 - Level 4.0 Fighting
 + Level 6.6 Axes
 - Level 3.2 Armour
 - Level 1.0 Dodging
 - Level 3.2 Shields


You had 6 spell levels left.
You didn't know any spells.
Your spell library was empty.

Inventory:

Hand Weapons
 e - a +3 flail
 Y - a +1 war axe of venom (weapon)
Armour
 b - a +0 scale mail (worn)
 c - a +0 buckler (worn)
 l - a +2 pair of boots (worn)
Jewellery
 g - a +4 ring of evasion (left hand)
 i - a ring of protection from cold
 j - a ring of protection from cold
 n - a +6 ring of strength (right hand)
 o - a ring of resist corrosion
Scrolls
 u - 2 scrolls of identify
Potions
 d - a potion of might
 f - a potion of curing
 h - 2 potions of flight {unknown}
 m - a potion of attraction {unknown}

Dungeon Overview and Level Annotations

Branches:
Dungeon (5/15)
 Temple: D:4-7

Altars:
Trog


Message History

The water moccasin misses you. The gnoll bouda closely misses you.
You hit the gnoll bouda.
The gnoll bouda is severely wounded.
You closely miss the water moccasin.
Your attacks no longer feel as feeble.
The gnoll is no longer moving quickly.
The water moccasin looks more healthy.
The water moccasin bites you but does no damage. x2
The gnoll bouda barks out a call to the hunt!
The gnoll picks up the pace!
You slash the gnoll bouda!
You kill the gnoll bouda!
You miss the water moccasin.
Your surroundings suddenly seem different.
You start resting.
A gnoll is nearby!
The gnoll is no longer moving quickly.
You slash the gnoll!
The gnoll is severely wounded.
The gnoll hits you with a +0 club. The gnoll hits you but does no damage.
4026 ||| READING scroll of teleportation.
As you read the scroll of teleportation, it crumbles to dust.
You feel strangely unstable. The gnoll closely misses you.
You hit the gnoll.
The gnoll is severely wounded.
The gnoll barely misses you.
You hit the gnoll.
You kill the gnoll!
You start resting.
Your surroundings suddenly seem different.
A jelly and an ogre come into view.
The jelly quivers.
The ogre shouts!
Enter note: You slash the ogre!
The ogre is poisoned.
The ogre is heavily wounded.
You slash the jelly!
The jelly is poisoned.
Your hands burn!
The jelly misses you.
The ogre hits you with a +0 giant spiked club!
You die...

# .# ..#
##########...#
.............#
.......@....#
......OJ....#
...............
..............#
..........###..
........### .
......###
......


You could see an ogre (very poisoned) and a jelly (very poisoned).

Vanquished Creatures
  A quasit (D:4)
  A jelly (D:4)
  2 hounds
  2 gnoll boudas
  3 orc wizards
  7 gnolls
  8 adders
  A shadow imp (D:4)
  2 ufetubi (D:4)
  2 worms (D:2)
  4 dart slugs
  7 orcs
  8 ball pythons
  11 endoplasms
  6 giant cockroaches
  11 goblins
  10 hobgoblins
  14 jackals
  6 kobolds
  2 quokkas
  6 bats
  A frilled lizard (D:2)
  5 rats
120 creatures vanquished.

Vanquished Creatures (others)
  A demonic plant (D:4)
1 creature vanquished.

Grand Total: 121 creatures vanquished

Notes
Turn   | Place    | Note
-------+----------+-------------------------------------------
     0 | D:1      | qw the Gargoyle Fighter began the quest for the Orb.
     0 | D:1      | Reached XP level 1. HP: 14/14 MP: 1/1
     0 | D:1      | 0 ||| qw: Version: 0.2-a-13-gfc7b4b4
     0 | D:1      | 0 ||| qw: Game counter: 1769
     0 | D:1      | 0 ||| qw: Always use a shield: true
     0 | D:1      | 0 ||| qw: God list: Okawaru
     0 | D:1      | 0 ||| qw: Allow faded altars: false
     0 | D:1      | 0 ||| qw: Do Orc after D:15 true
     0 | D:1      | 0 ||| qw: Do second Lair branch before Depths: true
     0 | D:1      | 0 ||| qw: Lair rune preference: random
     0 | D:1      | 0 ||| qw: Plans: Normal, Zot:1-4, God:TSO, Crypt, Tomb,
                  | Pan, Slime:5, Hells, Abyss, Orb
     0 | D:1      | 0 ||| PLANNING D:1-11
    28 | D:1      | 28 ||| Stepping ~*~*~tactically~*~*~ (stealth).
    34 | D:1      | 34 ||| Stepping ~*~*~tactically~*~*~ (stealth).
    35 | D:1      | 35 ||| Stepping ~*~*~tactically~*~*~ (stealth).
    39 | D:1      | Reached skill level 2 in Axes
    98 | D:1      | 98 ||| Stepping ~*~*~tactically~*~*~ (stealth).
   105 | D:1      | Reached XP level 2. HP: 19/19 MP: 2/2
   111 | D:1      | 111 ||| Stepping ~*~*~tactically~*~*~ (stealth).
   129 | D:1      | 129 ||| Stepping ~*~*~tactically~*~*~ (stealth).
   317 | D:1      | Reached skill level 3 in Axes
   327 | D:1      | Reached XP level 3. HP: 23/23 MP: 3/3
   385 | D:1      | 385 ||| Stepping ~*~*~tactically~*~*~ (stealth).
   392 | D:1      | 392 ||| Stepping ~*~*~tactically~*~*~ (stealth).
   393 | D:1      | 393 ||| Stepping ~*~*~tactically~*~*~ (stealth).
   427 | D:1      | 427 ||| Stepping ~*~*~tactically~*~*~ (stealth).
   429 | D:1      | 429 ||| Stepping ~*~*~tactically~*~*~ (stealth).
   437 | D:1      | 437 ||| DROPPING +0 club.
   547 | D:1      | 547 ||| UPGRADING to +4 ring of evasion.
   548 | D:1      | 548 ||| READING scroll labelled EROHUU VUXU.
   549 | D:1      | 549 ||| READING scroll labelled AFEFEZIBBU.
   550 | D:1      | 550 ||| READING scroll labelled IXUMPI IGO QUI.
   671 | D:2      | 671 ||| Stepping ~*~*~tactically~*~*~ (hiding).
   774 | D:2      | Reached XP level 4. HP: 25/28 MP: 4/4
   890 | D:2      | Reached skill level 4 in Axes
  1408 | D:2      | Reached XP level 5. HP: 32/32 MP: 5/5
  1438 | D:2      | 1438 ||| Stepping ~*~*~tactically~*~*~ (stealth).
  1467 | D:2      | Found a faded altar of an unknown god.
  1687 | D:2      | 1687 ||| Stepping ~*~*~tactically~*~*~ (hiding).
  1714 | D:2      | 1714 ||| Stepping ~*~*~tactically~*~*~ (hiding).
  1907 | D:2      | 1907 ||| UPGRADING to ring of protection from cold.
  1908 | D:2      | 1908 ||| READING scroll labelled XODUSU MAOQIOG.
  1909 | D:2      | 1909 ||| READING scroll labelled QILITR ERAENU.
  1910 | D:2      | 1910 ||| READING 3 scrolls labelled JOJIWU BYIRCH.
  1957 | D:3      | Reached skill level 5 in Axes
  2101 | D:3      | 2101 ||| DROPPING +0 whip.
  2178 | D:3      | 2178 ||| Stepping ~*~*~tactically~*~*~ (stealth).
  2179 | D:3      | 2179 ||| Stepping ~*~*~tactically~*~*~ (stealth).
  2440 | D:3      | Reached skill level 1 in Dodging
  2440 | D:3      | Reached XP level 6. HP: 38/38 MP: 6/6
  2694 | D:3      | 2694 ||| UPGRADING to +0 pair of boots.
  2699 | D:3      | 2699 ||| READING 2 scrolls of enchant armour.
  2699 | D:3      | 2699 ||| ENCHANTING +0 pair of boots.
  2700 | D:3      | 2700 ||| READING scroll of enchant armour.
  2700 | D:3      | 2700 ||| ENCHANTING +1 pair of boots.
  2701 | D:3      | 2701 ||| READING scroll labelled PIL DIAREOSEKK.
  2702 | D:3      | 2702 ||| DRINKING 3 white potions.
  2767 | D:4      | 2767 ||| Stepping ~*~*~tactically~*~*~ (stealth).
  2794 | D:4      | 2794 ||| Stepping ~*~*~tactically~*~*~ (hiding).
  2969 | D:4      | 2969 ||| Stepping ~*~*~tactically~*~*~ (hiding).
  3115 | D:4      | 3115 ||| Stepping ~*~*~tactically~*~*~ (stealth).
  3346 | D:4      | 3346 ||| Stepping ~*~*~tactically~*~*~ (hiding).
  3348 | D:4      | 3348 ||| Stepping ~*~*~tactically~*~*~ (hiding).
  3388 | D:4      | Reached skill level 6 in Axes
  3793 | D:4      | 3793 ||| UPGRADING to +6 ring of strength.
  3795 | D:4      | 3795 ||| DROPPING +6 ring of dexterity.
  3796 | D:4      | 3796 ||| DROPPING ring of positive energy.
  3797 | D:4      | 3797 ||| READING 2 scrolls labelled YDUORR NOENAKH.
  3800 | D:4      | 3800 ||| READING scroll labelled OGOROTHR MUCUTE.
  3801 | D:4      | 3801 ||| READING scroll labelled ZYODIJ LAUK.
  3802 | D:4      | 3802 ||| READING scroll labelled ADOTOY LUAJ.
  3803 | D:4      | 3803 ||| READING scroll labelled HARAUCZE CEAL.
  3819 | D:5      | Entered Level 5 of the Dungeon
  3846 | D:5      | 3846 ||| Stepping ~*~*~tactically~*~*~ (stealth).
  3853 | D:5      | Reached XP level 7. HP: 39/43 MP: 7/7
  3866 | D:5      | 3866 ||| Stepping ~*~*~tactically~*~*~ (stealth).
  3872 | D:5      | 3872 ||| Stepping ~*~*~tactically~*~*~ (stealth).
  3875 | D:5      | 3875 ||| Stepping ~*~*~tactically~*~*~ (stealth).
  3883 | D:5      | 3883 ||| DRINKING 2 potions of curing.
  3883 | D:5      | 3883 ||| (to cure confusion)
  3976 | D:5      | Found a bloodstained altar of Trog.
  4011 | D:5      | HP: 10/43 [water moccasin (5)]
  4012 | D:5      | 4012 ||| READING 2 scrolls of teleportation.
  4025 | D:5      | HP: 8/43 [gnoll/+0 club[a gnoll bouda] (4)]
  4026 | D:5      | 4026 ||| READING scroll of teleportation.
  4034 | D:5      | HP: 9/43 [acid (1)]
  4034 | D:5      | Mangled by an ogre

Levels and vault maps discovered:
D:1:      giann_bridges, layout_rooms, corner_web_ring
D:2:      minmay_razor_zed, layout_basic, hellmonk_ecumenical_altar_run_dry,
          chequers_serial_rivers_micro_a, chequers_serial_rivers_room_b
D:3:      layout_loops_ring, kennysheep_nondescript
D:4:      layout_cave_pods, serial_demonic, serial_demonic_b, serial_demonic_c,
          serial_demonic_c, serial_demonic_a
D:5:      layout_cave_pods, mainiacjoe_overflow_six_doors_small,
          grunt_dithmenos_smoke, uniq_edmund

Skill      XL: |  1  2  3  4  5  6 |
---------------+-------------------+-----
Axes           | 2 3 4 5 6 |  6.6
Fighting       | 4 |  4.0
Dodging        | 1 |  1.0
Armour         | |  3.2
Shields        | |  3.2

Action                   |  1- 3 |  4- 6 |  7- 9 || total
-------------------------+-------+-------+-------++-------
Melee: War axe           |    97 |   234 |    50 ||   381
Throw: Boomerang         |       |       |     1 ||     1
  Use: Scroll            |     3 |    11 |     2 ||    16
       Potion            |       |     1 |     1 ||     2
Armor: Scale mail        |    41 |   116 |    30 ||   187
Dodge: Dodged            |    43 |   192 |    46 ||   281
Block: Buckler           |    12 |    58 |     9 ||    79

Table legend:
 A = Non-vault XP
 B = Vault XP
 C = Vault XP percentage of total XP
 D = Non-vault monster count
 E = Vault monster count
 F = Vault count percentage of total count
                 A         B        C        D         E       F
            +---------+---------+-------+---------+---------+-------
      Total |     611 |     166 |  21.4 |     104 |      16 |  13.3
            +---------+---------+-------+---------+---------+-------
        D:1 |      50 |       0 |   0.0 |      28 |       0 |   0.0
        D:2 |      69 |     102 |  59.6 |      21 |      13 |  38.2
        D:3 |     115 |       0 |   0.0 |      26 |       0 |   0.0
        D:4 |     193 |      64 |  24.9 |      18 |       3 |  14.3
        D:5 |     184 |       0 |   0.0 |      11 |       0 |   0.0
            +---------+---------+-------+---------+---------+-------
